 Dungeon Crawl Stone Soup version 0.29.1-1-gd02db6906a (webtiles) character file.

Game seed: 18025862869927651981

274 nshep25 the Trooper (level 6, -5/56 HPs)
             Began as a Minotaur Fighter on Oct 5, 2022.
             Was an Initiate of the Shining One.
             Slain by an ogre
             ... wielding a +0 giant spiked club
              (29 damage)
             ... on level 4 of the Dungeon.
             The game lasted 00:05:16 (2726 turns).

nshep25 the Trooper (Minotaur Fighter)              Turns: 2726, Time: 00:05:16

Health: -5/56      AC: 16    Str: 23    XL:     6   Next: 3%
Magic:  5/5        EV:  6    Int:  5    God:    the Shining One [......]
Gold:   219        SH:  0    Dex:  9    Spells: 5/5 levels left

rFire   . . .      SeeInvis .   k - +0 battleaxe
rCold   . . .      Faith    .   (shield currently unavailable)
rNeg    . . .      Spirit   .   s - +0 plate armour
rPois   .          Reflect  .   (helmet restricted)
rElec   .          Harm     .   (no cloak)
rCorr   .          Rampage  .   (no gloves)
Will    .....                   (no boots)
Stlth   ..........              (no amulet)
HPRegen 0.18/turn               n - +4 ring of protection
MPRegen 0.09/turn               (no ring)

@: glowing
A: horns 2, retaliatory headbutt
a: Renounce Religion


You were on level 4 of the Dungeon.
You worshipped the Shining One.
The Shining One was noncommittal.
You visited 2 branches of the dungeon, and saw 5 of its levels.

You collected 219 gold pieces.

Inventory:

Hand Weapons
 a - a +0 war axe
 k - a +0 battleaxe (weapon)
Missiles
 i - a throwing net (quivered)
 x - 6 poisoned darts
 A - 2 boomerangs
Armour
 b - a +0 scale mail
 c - a +0 buckler
 s - a +0 plate armour (worn)
Jewellery
 n - a +4 ring of protection (left hand)
 E - an amulet of magic regeneration
Wands
 u - a wand of acid (6)
Scrolls
 f - 2 scrolls of teleportation {unknown}
 j - a scroll of enchant armour {unknown}
 m - a scroll of noise {unknown}
 p - 4 scrolls of identify {unknown}
 t - a scroll of vulnerability {unknown}
 y - a scroll of summoning {unknown}
 B - 2 scrolls of blinking {unknown}
 D - a scroll of fog {unknown}
Potions
 d - 3 potions of might
 e - a potion of magic {unknown}
 g - a potion of mutation {unknown}
 h - a potion of invisibility {unknown}
 l - a potion of cancellation {unknown}
 o - a potion of attraction {unknown}
 q - 3 potions of degeneration {unknown}
 r - 3 potions of curing {unknown}
 v - 4 potions of heal wounds {unknown}
 w - a potion of resistance {unknown}
 z - a potion of ambrosia {unknown}
 C - a potion of brilliance {unknown}


   Skills:
 + Level 5.3 Fighting
 + Level 5.1 Axes
 + Level 4.9 Armour
 + Level 0.2 Stealth
 + Level 4.2 Shields


You had 5 spell levels left.
You didn't know any spells.
Your spell library contained the following spells:

 Spells                   Type           Power      Damage    Failure   Level
 Poisonous Vapours        Pois/Air       0%         N/A       100%        2
 Corpse Rot               Necr/Pois/Air  0%         N/A       100%        4
 Freezing Cloud           Conj/Ice/Air   0%         6-21      100%        5
 Simulacrum               Ice/Necr       0%         N/A       100%        6
 Polar Vortex             Ice            0%         N/A       100%        9


Dungeon Overview and Level Annotations

Branches:
Dungeon (4/15)             Temple (1/1) D:4

Altars:
Ashenzari
Dithmenos
Fedhas
Kikubaaqudgha
Makhleb
Nemelex Xobeh
Okawaru
Ru
Sif Muna
Uskayaw
Wu Jian
Xom
Zin
The Shining One


Innate Abilities, Weirdness & Mutations

You have a pair of horns on your head.
You reflexively headbutt those who attack you in melee.


Message History

A bullfrog comes into view.
Found a thin jasper amulet.
Found a glowing silver altar of Zin.
The bullfrog gives a loud, deep croak!
Found 3 gold pieces.
The bullfrog barely misses you. You furiously retaliate!
You headbutt the bullfrog, but do no damage.
You barely miss the bullfrog.
The bullfrog hits you but does no damage.
The bullfrog hits you.
You slash the bullfrog! You headbutt the bullfrog!
The bullfrog is almost dead.
The bullfrog hits you but does no damage.
The bullfrog hits you.
You hit the bullfrog.
You kill the bullfrog!
Your Fighting skill increases to level 5!
You have reached level 6!
You now have 219 gold pieces (gained 3).
E - an amulet of magic regeneration
There is a glowing silver altar of Zin here.
You see here a bullfrog corpse.
v - 4 bubbling brown potions (gained 2)
You pick up a book of Vapours and begin reading...
You add the spells Poisonous Vapours and Corpse Rot to your library.
An ogre comes into view. It is wielding a +0 giant spiked club.
The ogre hits you with a +0 giant spiked club.
You slash the ogre!
The ogre is heavily wounded.
The ogre hits you but does no damage.
You hit the ogre. You headbutt the ogre!
The ogre is severely wounded.
The ogre hits you with a +0 giant spiked club!
You barely miss the ogre.
The ogre is severely wounded.
The ogre hits you with a +0 giant spiked club!!
You hit the ogre.
The ogre is almost dead.
The ogre hits you with a +0 giant spiked club!!
Ouch! That really hurt!
You die...

.####.# #.##.#
#.###....## ......#
#.##.# #.#.......#
.###### #.##.#
#.......... .#
#.##.# ###.......#
.# #.##.# ###8...##
.## #.##.## #>...#
..# #.#...#####
#8...# ..#
#.........# ####.#
..# ###...#@..# ##
#.# ..###
##....O...... .. #.#
....#
##.#...#######.###.#
#.#.# #.##....
........# ..#.# #.#
#...# ###.###:#
#.#.# #.# ##.#
#.###.# ....# #. ..
#.....# #.### .#
#..#### #.#######
##♣####).#####


You could see an ogre.

Vanquished Creatures
  A bullfrog (D:4)
  2 hounds (D:4)
  An iguana (D:4)
  5 adders
  2 worms (D:3)
  A dart slug (D:4)
  2 orcs
  3 bats
  9 endoplasms
  3 giant cockroaches
  8 goblins
  7 hobgoblins
  8 jackals
  3 quokkas
  3 ball pythons
  8 kobolds
  2 rats
68 creatures vanquished.

Notes
Turn   | Place    | Note
-------+----------+-------------------------------------------
     0 | D:1      | nshep25 the Minotaur Fighter began the quest for the Orb.
     0 | D:1      | Reached XP level 1. HP: 19/19 MP: 0/0
   155 | D:1      | Reached XP level 2. HP: 23/27 MP: 1/1
   785 | D:2      | Reached XP level 3. HP: 33/33 MP: 2/2
   815 | D:2      | Found an ornate altar of the Wu Jian Council.
  1636 | D:3      | Reached XP level 4. HP: 40/40 MP: 3/3
  2074 | D:3      | Found a faded altar of an unknown god.
  2234 | D:4      | Reached XP level 5. HP: 41/47 MP: 4/4
  2287 | D:4      | Found a blossoming altar of Fedhas.
  2421 | D:4      | Found a staircase to the Ecumenical Temple.
  2431 | Temple   | Entered the Ecumenical Temple
  2453 | Temple   | Became a worshipper of the Shining One
  2586 | D:4      | Reached skill level 5 in Axes
  2625 | D:4      | Found a glowing silver altar of Zin.
  2631 | D:4      | Reached skill level 5 in Fighting
  2631 | D:4      | Reached XP level 6. HP: 48/56 MP: 5/5
  2726 | D:4      | Slain by an ogre

Illustrated notes

Levels and vault maps discovered:
D:1:      dpeg_arrival_snail, layout_basic
D:2:      layout_loops_cross, basic_altar
D:3:      layout_rooms, dreamdust_ecumenical_altar_statues
D:4:      layout_loops_ring, fedhas_altar_fruit_tree, lemuel_round_altar,
          temple_statues, serial_bayou_pond_d, corexii_hall_statues_x
Temple:   minmay_freezing_vapour_temple

Skill      XL: |  1  2  3  4  5 |
---------------+----------------+-----
Fighting       | 4 5 |  5.3
Armour         | 4 |  4.9
Shields        | 4 |  4.2
Axes           | 3 4 5 |  5.1
Stealth        | |  0.2

Action                   |  1- 3 |  4- 6 || total
-------------------------+-------+-------++-------
Melee: War axe           |    13 |       ||    13
       Headbutt          |     8 |     7 ||    15
       Battleaxe         |    59 |    57 ||   116
Armor: Scale mail        |    15 |       ||    15
       Plate armour      |    42 |    66 ||   108
Dodge: Dodged            |    45 |    16 ||    61
Block: Buckler           |     4 |       ||     4
